AoeStats
← thinker

Black Forest

505171349Analyzed
4v4 RM · 24d ago on Sep 8, 2026· 47m 57s· 8 players
Game mode
Random Map
Map size
Large (8 player)
Population
200
Speed
Normal
Resources
Standard
Victory
Conquest
Starting age
Dark Age
Ending age
Imperial Age
RankedLock teamsTeams togetherTeam positionsShared explorationLock speedFull tech treeHidden civsTurbo modeCheats
Victory
Defeat
🇨🇦 Japanese · Canada
1134
+13
🇨🇳 Mongols · China
1013
+18
🇨🇳 Franks · China
974
+20
🇨🇳 Khmer · China
903
+24
🇧🇪 Persians · Belgium
1096
-20
1078
-19
🇹🇼 Bohemians · Taiwan
1047
-18
🇲🇽 Jurchens · Mexico
1038
-18
小沁
0:42 Loom
12:05 Feudal Age
16:05 Castle Age
14:06 Double-Bit Axe
15:03 Horse Collar
17:18 Bow Saw
22:03 Fletching
22:23 Crossbowman
23:43 Bodkin Arrow
24:17 Padded Archer Armor
27:43 Leather Archer Armor
28:34 Heavy Plow
31:04 Ballistics
33:35 Imperial Age
35:19 Chemistry
34:00 Treadmill Crane
35:54 Bracer
36:25 Ring Archer Armor
NWGHOST7888
1:08 Loom
13:55 Feudal Age
19:14 Castle Age
18:51 Stone Mining
18:49 Double-Bit Axe
19:16 Gold Mining
31:12 Fortified Wall
34:53 Masonry
39:25 Imperial Age
37:34 Wheelbarrow
36:47 Town Watch
37:19 Padded Archer Armor
38:41 Gold Shaft Mining
37:51 Horse Collar
40:10 Bow Saw
40:50 Architecture
41:50 Chemistry
41:36 Leather Archer Armor
41:11 Fletching
41:24 Elite Iron Pagoda
44:57 Thunderclap Bombs
45:30 Scale Barding Armor
46:27 Ballistics
47:00 Ring Archer Armor
46:26 Bodkin Arrow
Saeer
3:07 Loom
12:21 Feudal Age
12:40 Fishing Lines
14:22 Double-Bit Axe
19:34 Castle Age
20:06 Bloodlines
20:52 Devotion
21:03 Fervor
21:01 Devotion
21:23 Bow Saw
21:52 Fervor
22:55 Wheelbarrow
22:06 Town Watch
23:11 Gillnets
24:07 Devotion
27:41 Stone Mining
27:42 Gold Mining
28:30 Hand Cart
29:49 Forging
29:45 Scale Barding Armor
30:29 Town Patrol
32:09 Gold Shaft Mining
32:09 Stone Shaft Mining
34:46 Imperial Age
32:55 Horse Collar
33:42 Husbandry
34:31 Iron Casting
34:53 Chain Barding Armor
35:56 Conscription
35:54 Heavy Plow
37:05 Blast Furnace
37:56 Plate Barding Armor
38:24 Elite War Elephant
39:25 Cavalier
41:11 Fletching
41:47 Ballistics
41:23 Murder Holes
41:57 Citadels
42:21 Guilds
有点b数吧,好好玩
1:18 Loom
12:37 Feudal Age
13:23 Double-Bit Axe
13:24 Horse Collar
16:23 Castle Age
14:47 Fishing Lines
18:36 Wheelbarrow
Hoodedpancake
1:07 Loom
17:39 Feudal Age
18:05 Double-Bit Axe
19:47 Fishing Lines
21:42 Wheelbarrow
23:15 Horse Collar
26:00 Castle Age
26:17 Stone Mining
26:17 Gold Mining
26:51 Gillnets
27:37 Bow Saw
27:55 Town Watch
29:00 Gold Shaft Mining
31:23 Imperial Age
28:46 Guard Tower
29:01 Yasama
31:13 Ballistics
30:48 Fletching
32:31 Bodkin Arrow
33:11 Hand Cart
32:57 Town Patrol
34:15 Caravan
35:52 Bracer
35:53 Padded Archer Armor
36:32 Keep
38:05 Chemistry
37:33 Kataparuto
41:00 Siege Engineers
40:42 Arrowslits
40:46 Treadmill Crane
42:41 Elite Samurai
43:57 Hoardings
43:43 Conscription
45:54 Scale Mail Armor
46:05 Forging
女生言午
1:34 Loom
10:53 Feudal Age
13:02 Double-Bit Axe
15:56 Castle Age
13:41 Horse Collar
17:41 Bow Saw
17:35 Heavy Plow
21:29 Wheelbarrow
22:54 Stone Mining
23:37 Hand Cart
28:04 Elite Skirmisher
30:00 Fletching
30:11 Padded Archer Armor
31:50 Bodkin Arrow
32:11 Leather Archer Armor
32:36 Nomads
35:59 Imperial Age
34:04 Ballistics
35:05 Caravan
36:07 Elite Mangudai
37:35 Bracer
41:14 Chemistry
42:35 Heavy Cavalry Archer
43:43 Parthian Tactics
45:27 Drill
45:28 Conscription
46:47 Capped Ram
47:47 Siege Ram
喧哗的都已沙哑
9:53 Loom
12:03 Feudal Age
13:40 Double-Bit Axe
16:03 Castle Age
18:01 Bow Saw
19:10 Wheelbarrow
23:33 Gold Mining
27:49 Scale Barding Armor
27:55 Forging
27:39 Stone Mining
28:25 Gold Shaft Mining
31:26 Imperial Age
29:15 Hand Cart
29:40 Husbandry
32:25 Cavalier
33:31 Chivalry
34:18 Conscription
33:46 Paladin
34:55 Chain Barding Armor
35:11 Iron Casting
37:00 Caravan
39:22 Plate Barding Armor
40:07 Blast Furnace
thinker
4:51 Loom
12:36 Feudal Age
17:54 Castle Age
16:00 Double-Bit Axe
15:57 Horse Collar
19:25 Bow Saw
21:15 Loom
21:19 Fishing Lines
22:30 Heavy Plow
23:01 Gillnets
23:55 Wheelbarrow
24:07 Gold Mining
24:10 Stone Mining
25:27 Fletching
25:38 Padded Archer Armor
27:33 Gold Shaft Mining
28:28 Stone Shaft Mining
28:16 Hand Cart
31:39 Imperial Age
34:44 Leather Archer Armor
34:25 Bodkin Arrow
35:15 Crop Rotation
36:20 Conscription
35:21 Elite Ballista Elephant
37:54 Bracer
38:24 Ring Archer Armor
38:07 Double Crossbow
38:08 Tusk Swords
40:57 Ballistics
41:38 Chemistry
40:37 Murder Holes
40:56 Forging
40:52 Scale Barding Armor
41:49 Husbandry
42:01 Bloodlines
42:03 Elite Battle Elephant
44:37 Heated Shot
44:59 Fortified Wall
Connection lost

Rejoining the realm…

Still unreachable

The connection could not be restored.

Session expired

The server has moved on; the page needs a fresh start.